 Dungeon Crawl Stone Soup version 0.28.0 (webtiles) character file.

Game seed: 9799171866707382605

170 Alacron the Slasher (level 5, -1/33 HPs)
             Began as a Tengu Berserker on Feb 16, 2022.
             Was a Priest of Trog.
             Slain by an orc (4 damage)
             ... on level 3 of the Dungeon.
             The game lasted 00:03:31 (2139 turns).

Alacron the Slasher (Tengu Berserker)               Turns: 2139, Time: 00:03:32

Health: -1/33      AC: 11    Str: 19    XL:     5   Next: 50%
Magic:  6/6        EV: 11    Int:  7    God:    Trog [***...]
Gold:   157        SH:  0    Dex: 14    Spells: 4/4 levels left

rFire   . . .      SeeInvis .   a - +0 falchion
rCold   . . .      Faith    .   (no shield)
rNeg    . . .      Spirit   .   l - +0 plate armour
rPois   .          Reflect  +   (helmet restricted)
rElec   .          Harm     .   (no cloak)
rCorr   .          Rampage  .   (no gloves)
Will    .....                   (boots unavailable)
Stlth   ..........              f - amulet of reflection
HPRegen 0.11/turn               g - +4 ring of evasion
MPRegen 0.10/turn               (no ring)

@: confused, flying quickly and evasively, quick
A: beak, talons 3, nimble flight
a: Renounce Religion, Berserk, Trog's Hand


You were on level 3 of the Dungeon.
You worshipped Trog.
Trog was most pleased with you.
You visited 1 branch of the dungeon, and saw 3 of its levels.

You collected 157 gold pieces.

Inventory:

Hand Weapons
 a - a +0 falchion (weapon)
Armour
 l - a +0 plate armour (worn)
Jewellery
 f - an amulet of reflection (around neck)
 g - a +4 ring of evasion (left hand)
Wands
 o - a wand of polymorph (15)
Scrolls
 c - 2 scrolls of identify {unknown}
 d - a scroll of noise {unknown}
 i - 2 scrolls of amnesia {unknown}
 j - a scroll of teleportation {unknown}
Potions
 b - a potion of might {unknown}
 e - 2 potions of ambrosia {unknown}
 h - 2 potions of degeneration {unknown}
 k - a potion of mutation {unknown}
 m - 2 potions of curing {unknown}
 n - a potion of flight {unknown}


   Skills:
 + Level 3.7 Fighting
 + Level 5.4 Long Blades
 + Level 2.4 Armour
 + Level 3.0 Dodging
 + Level 0.9 Stealth
 + Level 0.3 Shields


You had 4 spell levels left.
You didn't know any spells.
Your spell library was empty.

Dungeon Overview and Level Annotations

Branches:
Dungeon (3/15)

Altars:


Innate Abilities, Weirdness & Mutations

You have a beak for a mouth.
You have claws for feet.
Your magical nature lets you fly swiftly and evasively.


Message History

You bump into the rock wall.
You bump into the rock wall.
You feel less confused. Something hits you but does no damage.
You hear some strange, mumbled words.
Something tries to affect you, but you resist.
An orc wizard appears from thin air!
Reactivating autopickup.
You start resting.
An orc wizard is nearby!
You closely miss the orc wizard. You claw the orc wizard.
You peck the orc wizard.
The orc wizard is lightly wounded.
The orc wizard gestures at you while chanting.
The magic dart hits you!
* * * LOW HITPOINT WARNING * * *
The orc wizard hits you but does no damage.
You hit the orc wizard. Your kick misses the orc wizard.
You peck the orc wizard, but do no damage.
The orc wizard is moderately wounded.
You closely miss the orc wizard. You claw the orc wizard.
You peck the orc wizard, but do no damage.
The orc wizard is heavily wounded.
The orc wizard hits you but does no damage.
You hit the orc wizard but do no damage.
Your kick misses the orc wizard.
The orc wizard is heavily wounded.
The orc wizard casts a spell at you. You resist with some effort.
The orc barely misses you.
You barely miss the orc wizard.
You peck the orc wizard, but do no damage.
The orc wizard is heavily wounded.
The orc wizard points at you and mumbles some strange words.
You are confused.
The orc barely misses you.
You closely miss the orc wizard. Your kick misses the orc wizard.
The orc wizard is heavily wounded.
The orc wizard gestures at you while chanting.
You resist with some effort. The orc hits you with a +0 dagger.
You die...

.....# #.# #.##.### .....# ##.###
#.##.# .##### #....###.##.# .#
#......#.##.# .# #....#.#.##.#
####### .###### #....#.#....#
#...o.#
...)..####..).#.##########.###.#
...)......)..÷..oo.........# #.#
......########..@#############.##
......# #...#<# .....o).o..
.#.#### #...#.# ########### .#.#
#...#.# .#.# #######...#.# >#.#
#..†........# .#.# #.#######.#.#
.# .....# #.##...#


You could see an orc wizard and an orc.

Vanquished Creatures
  An orc priest (D:3)
  A gnoll (D:1)
  4 adders
  4 worms
  2 dart slugs
  3 orcs (D:3)
  8 ball pythons
  7 endoplasms
  3 giant cockroaches (D:1)
  5 goblins
  8 hobgoblins
  6 jackals
  2 quokkas
  5 bats
  7 frilled lizards
  4 kobolds
  5 rats
75 creatures vanquished.

Notes
Turn   | Place    | Note
-------+----------+-------------------------------------------
     0 | D:1      | Alacron the Tengu Berserker began the quest for the Orb.
     0 | D:1      | Reached XP level 1. HP: 14/14 MP: 2/2
    61 | D:1      | Reached XP level 2. HP: 16/19 MP: 3/3
   493 | D:1      | Reached XP level 3. HP: 19/23 MP: 4/4
   564 | D:1      | Reached skill level 4 in Long Blades
   566 | D:1      | Reached ** piety under Trog
  1160 | D:2      | Reached XP level 4. HP: 28/28 MP: 5/5
  1228 | D:2      | Found a faded altar of an unknown god.
  1810 | D:3      | Gained mutation: Your magical nature lets you fly swiftly
                  | and evasively. [Tengu growth]
  1810 | D:3      | Reached XP level 5. HP: 31/32 MP: 6/6
  1813 | D:3      | Reached skill level 5 in Long Blades
  1850 | D:3      | Reached *** piety under Trog
  2139 | D:3      | Slain by an orc

Illustrated notes

Levels and vault maps discovered:
D:1:      tarquinn_simple_flora_water_f, layout_rooms
D:2:      layout_rooms, ebering_ecumenical_altar_sacrificial,
          hangedman_decor_riveting
D:3:      layout_basic, uniq_sigmund

Skill      XL: |  1  2  3  4  5 |
---------------+----------------+-----
Long Blades    | 4 5 |  5.4
Dodging        | 3 |  3.0
Fighting       | |  3.7
Armour         | |  2.4
Stealth        | |  0.9
Shields        | |  0.3

Action                   |  1- 3 |  4- 6 || total
-------------------------+-------+-------++-------
Melee: Falchion          |    72 |   103 ||   175
       Kick              |    15 |    30 ||    45
       Peck              |     8 |    20 ||    28
Armor: Animal skin       |     6 |       ||     6
       Leather armour    |     3 |     5 ||     8
       Plate armour      |       |    26 ||    26
Dodge: Dodged            |    51 |    39 ||    90
Block: Other             |     3 |    17 ||    20
